 Dungeon Crawl Stone Soup version 0.23-a0-419-g0174fd8 (webtiles) character file.

160 Think the Covert (level 5, 0/34 HPs)
             Began as an Octopode Assassin on Nov 14, 2018.
             Splashed by a jelly's acid (1 damage)
             ... on level 3 of the Dungeon.
             The game lasted 00:05:29 (3040 turns).

Think the Covert (Octopode Assassin)                Turns: 3040, Time: 00:05:30

Health: 0/34       AC: -7    Str: 10    XL:     5   Next: 41%
Magic:  5/5        EV: 13    Int: 14    God:
Gold:   142        SH:  0    Dex: 14    Spells: 4/4 levels left

rFire    + . .     SeeInvis .   a - +2 dagger
rCold    + . .     Gourm    .   (no shield)
rNeg     . . .     Faith    .   (helmet restricted)
rPois    .         Spirit   .   (no amulet)
rElec    .         Reflect  .   e - ring of protection from fire
rCorr    .         Harm     .   i - ring of protection from cold
MR       .....                  (no ring)
Stlth    +++++.....             (no ring)
HPRegen  0.11/turn              (no ring)
MPRegen  0.09/turn              (no ring)
                                (no ring)
                                (no ring)

@: corroded
A: almost no armour, stealthy swim, amphibious, 8 rings, constrict 8, camouflage
1, gelatinous body 1
a: no special abilities


You were on level 3 of the Dungeon.
You were hungry.

You visited 1 branch of the dungeon, and saw 3 of its levels.

You collected 142 gold pieces.

Inventory:

Hand Weapons
 a - a +2 dagger (weapon)
 b - a +0 blowgun
Missiles
 c - 20 poisoned needles
 d - 2 curare-tipped needles
Jewellery
 e - a ring of protection from fire (left tentacle)
 i - a ring of protection from cold (right tentacle)
Scrolls
 g - 2 scrolls of blinking {unknown}
 h - 2 scrolls of identify {unknown}
 j - a scroll of fog {unknown}
 l - 2 scrolls of teleportation {unknown}
 m - 3 scrolls of remove curse {unknown}
 n - a scroll of random uselessness {unknown}
 q - a scroll of fear {unknown}
 s - a scroll of enchant weapon {unknown}
Potions
 k - a potion of heal wounds {unknown}
 o - 2 potions of magic {unknown}
 p - a potion of mutation {unknown}
 r - a potion of curing
Comestibles
 f - 4 rations


   Skills:
 - Level 2.0 Fighting
 + Level 2.6 Short Blades
 - Level 2.0 Throwing
 - Level 1.0 Dodging
 * Level 8.7 Stealth


You had 4 spell levels left.
You didn't know any spells.
Your spell library was empty.

Dungeon Overview and Level Annotations

Branches:
Dungeon (3/15)

Altars:
The Shining One


Innate Abilities, Weirdness & Mutations

You cannot wear most types of armour.
You are very stealthy in the water. (Stealth+)
You are amphibious.
You can wear up to eight rings at the same time.
You can use your tentacles to constrict eight enemies at once.
Your skin changes colour to match your surroundings (Stealth+).
Your rubbery body absorbs attacks. (AC +1, EV +1)


Message History

You start resting.
HP restored.
You climb downwards.
There is a stone staircase leading up here.
You hit the jelly. The acid corrodes you!
Your tentacles burn!
The jelly is moderately wounded.
The jelly hits you.
You are splashed with acid!
The acid burns!
You hit the jelly.
Your tentacles burn!
The jelly is moderately wounded.
The jelly hits you. The acid corrodes you!
You are splashed with acid!
The acid burns!
* * * LOW HITPOINT WARNING * * *
You barely miss the jelly.
The jelly is moderately wounded.
The jelly hits you.
* * * LOW HITPOINT WARNING * * *
You are splashed with acid!
The acid burns!
* * * LOW HITPOINT WARNING * * *
You hit the jelly but do no damage.
Your tentacles burn!
You die...

.......##..............#
.......##......g.......#
.......# #........w...#
.......####..........##
##......# #########J..#
.##.###.# #b..###
..#...#.# ###...#
'####...###########.w.#.##
.)#.##.......##.@Jbg###..#
.)'..'..........########^#
.)#.##.......########....#
'####........# ##.....####
..#..........###..#####
.##)##...........##
##..##......############
...###......## ##......##
.............###........##


You could see a jelly, a dart slug, a hobgoblin and a bat.

Vanquished Creatures
  4 adders
  An ooze (D:3)
  3 worms
  A dart slug (D:1)
  3 leopard geckos
  4 orcs (D:3)
  5 bats
  6 giant cockroaches
  13 goblins
  15 hobgoblins
  8 jackals
  8 kobolds
  3 quokkas
  2 ball pythons
  2 frilled lizards
  15 rats
93 creatures vanquished.

Notes
Turn   | Place    | Note
-------+----------+-------------------------------------------
     0 | D:1      | Think the Octopode Assassin began the quest for the Orb.
     0 | D:1      | Reached XP level 1. HP: 14/14 MP: 1/1
    54 | D:1      | Reached XP level 2. HP: 16/19 MP: 2/2
    59 | D:1      | Reached skill level 6 in Stealth
   573 | D:1      | Reached XP level 3. HP: 24/24 MP: 3/3
  1126 | D:2      | Reached skill level 7 in Stealth
  1234 | D:2      | Reached XP level 4. HP: 24/29 MP: 4/4
  1923 | D:2      | Reached skill level 8 in Stealth
  2293 | D:3      | Reached XP level 5. HP: 34/34 MP: 5/5
  2394 | D:3      | Found a glowing golden altar of the Shining One.
  3039 | D:3      | HP: 1/34 [acid (7)]
  3040 | D:3      | Splashed by a jelly's acid

Vault maps used:
D:1:      matt_arrival_spirals
D:2:      minmay_misc_feat_x
D:3:      cheibrodos_greedy_goblins, first_ration, nicolae_tso_carved_into_rock

Skill      XL: |  1  2  3  4 |
---------------+-------------+-----
Stealth        | 6 7 8 |  8.7
Fighting       | |  2.0
Short Blades   | |  2.6
Throwing       | |  2.0
Dodging        | |  1.0

Action                   |  1- 3 |  4- 6 || total
-------------------------+-------+-------++-------
Melee: Dagger            |    77 |   104 ||   181
       Constrict         |    24 |    23 ||    47
       Tentacles         |    14 |    16 ||    30
  Use: Potion            |       |     1 ||     1
 Stab: Sleeping          |    11 |    12 ||    23
  Eat: Chunk             |       |     6 ||     6
Armor: Skin              |     3 |     5 ||     8
Dodge: Dodged            |    31 |    74 ||   105

Table legend:
 A = Non-vault XP
 B = Vault XP
 C = Vault XP percentage of total XP
 D = Non-vault monster count
 E = Vault monster count
 F = Vault count percentage of total count
                 A         B        C        D         E       F
            +---------+---------+-------+---------+---------+-------
      Total |     213 |      16 |   7.0 |      85 |       8 |   8.6
            +---------+---------+-------+---------+---------+-------
        D:1 |      55 |       0 |   0.0 |      31 |       0 |   0.0
        D:2 |      83 |       0 |   0.0 |      33 |       0 |   0.0
        D:3 |      75 |      16 |  17.6 |      21 |       8 |  27.6
            +---------+---------+-------+---------+---------+-------
